 Dungeon Sprint DCSS version 0.27-a0-46-g34d46f0a3f (webtiles) character file.

Game seed: 6745583194977906675

12933 mhtbhm the Peltast (level 12, -2/105 HPs)
             Began as a Formicid Fighter on Jan 7, 2021.
             Was the Champion of Okawaru.
             Slain by a 19-headed hydra (6 damage)
             ... in the Dungeon (Sprint I: "Red Sonja").
             The game lasted 00:11:49 (4283 turns).

mhtbhm the Peltast (Formicid Fighter)               Turns: 4283, Time: 00:11:51

Health: -2/105     AC: 21    Str: 22    XL:     12   Next: 26%
Magic:  19/19      EV: 10    Int: 14    God:    Okawaru [******]
Gold:   1732       SH: 14    Dex: 10    Spells: 11/11 levels left

rFire    . . .     SeeInvis +   a - +5 long sword (holy)
rCold    . . .     Faith    +   c - +0 kite shield
rNeg     . . .     Spirit   .   b - +1 plate armour {rPois}
rPois    +         Reflect  .   (helmet unavailable)
rElec    .         Harm     .   k - +3 cloak "Vadeninn" {Regen+ rCorr Str-3 Int+5}
rCorr    +         Rampage  .   (no gloves)
Will     +....                  (no boots)
Stlth    ..........             d - amulet of faith
HPRegen  0.67/turn              (no ring)
MPRegen  0.16/turn              (no ring)

@: no status effects
A: permanent stasis, dig shafts and tunnels, four strong arms, antennae 3
a: Dig, Renounce Religion, Heroism, Finesse


You were in the Dungeon.
You worshipped Okawaru.
Okawaru was exalted by your worship.
You visited 1 branch You collected 2198 gold pieces.
You spent 466 gold pieces at shops.

Inventory:

Hand Weapons
 a - a +5 long sword of holy wrath (weapon)
Missiles
 j - 3 curare-tipped darts (quivered)
Armour
 b - a +1 plate armour of poison resistance (worn)
 c - a +0 kite shield (worn)
 k - the +3 cloak "Vadeninn" (worn) {Regen+ rCorr Str-3 Int+5}
   (Okawaru gifted it to you in the Dungeon)

   It affects your strength (-3).
   It affects your intelligence (+5).
   It increases your rate of regeneration.
   It provides partial protection from all sources of acid and corrosion.
Jewellery
 d - an amulet of faith (around neck)
Wands
 i - a wand of random effects (9)
Scrolls
 h - a scroll of remove curse {unknown}
Potions
 e - a potion of curing
 f - a potion of invisibility {unknown}
 g - 2 potions of magic
 l - a potion of mutation {unknown}


   Skills:
 + Level 13.1 Fighting
 + Level 14.6 Long Blades
 + Level 3.4 Throwing
 + Level 13.0 Armour
 + Level 7.0 Dodging
 - Level 7.7 Stealth
 + Level 16.2 Shields
 * Level 10.0 Invocations
 - Level 5.3 Evocations


You had 11 spell levels left.
You didn't know any spells.
Your spell library was empty.

Dungeon Overview and Level Annotations

Branches:
Dungeon (1/1)

Altars:
Cheibriados
Dithmenos
Elyvilon
Fedhas
Gozag
Hepliaklqana
Kikubaaqudgha
Makhleb
Nemelex Xobeh
Okawaru
Qazlal
Ru
Sif Muna
Trog
Uskayaw
Vehumet
Wu Jian
Xom
Yredelemnul
Zin
The Shining One
Jiyva
Lugonu

Shops:
D ([*}[*[*??**[:*[[


Innate Abilities, Weirdness & Mutations

You cannot be hasted, slowed, berserked, paralysed or teleported.
You can dig through walls and to a lower floor.
Your four strong arms can wield two-handed weapons with a shield.
You have a pair of large antennae on your head. (SInv)


Message History

Aim: a 19-headed hydra (purple smoke, fast)
Okay, then.
Hit: a) +5 long sword (holy)
Press: ? - help, Dir - move target, f/p - 19-headed hydra
Aim: a 19-headed hydra (purple smoke, fast)
Okay, then.
Evoke which item? (* to show all) (? for menu, Esc to quit)
Aiming: Random Effects
Press: ? - help, Shift-Dir - straight line, f/p - 19-headed hydra
Aim: a 19-headed hydra (purple smoke, fast)
The 19-headed hydra easily resists.
You block the 19-headed hydra's attack. x2
The 19-headed hydra barely misses you. The 19-headed hydra bites you.
* * * LOW HITPOINT WARNING * * *
You block the 19-headed hydra's attack. The 19-headed hydra closely misses you.
The 19-headed hydra bites you.
* * * LOW HITPOINT WARNING * * *
You block the 19-headed hydra's attack.
The 19-headed hydra bites you but does no damage. x2
The 19-headed hydra bites you.
You die...

#################################
.'..#__#..'[..§.@D§§..'§§§§..G.$#
.#..'..'..#§..##+#§####.§§§D##$.+
###'#__####...+..#†#.###§.§##*###
..#[####§.#####..'..'#.#§#§#,$[##
.##§#§§≈.§#..##+####^..#§#.##$$$#
'#_.§§§§§§'..#..°°°#...#.#..###$#
...§#≈§§..#..#..°○°'.....##.#A#$#
_.#'##'#####'###.○.#^....#..###$#
#'#...§(..##.'.#...###++##.##..$#


You could see a 19-headed hydra (fast).

Vanquished Creatures
  A lorocyproca (D)
  2 centaur warriors (D)
  6 unseen horrors (D)
  A deep troll (D)
  A lindwurm (D)
  An oklob plant (D)
  A gargoyle (D)
  2 kobold demonologists (D)
  4 demonic crawlers (D)
  A meliai (D)
  A hornet (D)
  A slime creature (D)
  Sigmund (D)
  2 redbacks (D)
  13 hogs (D)
  A yak (D)
  3 floating eyes (D)
  An ogre (D)
  7 necrophages (D)
  8 jellies (D)
  Ijyb (D)
59 creatures vanquished.

Vanquished Creatures (others)
  Sonja (D)
  A gargoyle (D)
  2 ballistomycete spores (D)
4 creatures vanquished.

Grand Total: 63 creatures vanquished

Notes
Turn   | Place    | Note
-------+----------+-------------------------------------------
     0 | D        | mhtbhm the Formicid Fighter began the quest for the Orb.
     0 | D        | Reached XP level 1. HP: 18/18 MP: 1/1
     1 | D        | Noticed Ijyb
    12 | D        | Killed Ijyb
    13 | D        | Reached skill level 5 in Shields
    13 | D        | Reached XP level 2. HP: 4/26 MP: 2/2
    13 | D        | Reached XP level 3. HP: 5/31 MP: 3/3
   227 | D        | Killed a gargoyle
   374 | D        | Noticed an ogre
   381 | D        | Killed an ogre
   382 | D        | Reached skill level 6 in Shields
   382 | D        | Reached XP level 4. HP: 31/40 MP: 4/4
   382 | D        | Reached XP level 5. HP: 35/46 MP: 5/5
   452 | D        | Noticed Sigmund
   461 | D        | Killed Sigmund
   462 | D        | Reached skill level 1 in Dodging
   462 | D        | Reached skill level 1 in Stealth
   462 | D        | Reached skill level 8 in Shields
   462 | D        | Reached XP level 6. HP: 56/56 MP: 6/6
   476 | D        | Found an ornate altar of the Wu Jian Council.
   476 | D        | Found a shimmering blue altar of Sif Muna.
   478 | D        | Found a radiant altar of Vehumet.
   484 | D        | Reached skill level 5 in Long Blades
   525 | D        | Found Xaymocsu's Antique Armour Emporium.
   525 | D        | Found an ancient bone altar of Kikubaaqudgha.
   525 | D        | Found a hazy altar of Hepliaklqana.
   525 | D        | Found a stormy altar of Qazlal.
   525 | D        | Found a hide-covered altar of Uskayaw.
   525 | D        | Found a blossoming altar of Fedhas.
   525 | D        | Found a bloodstained altar of Trog.
   525 | D        | Found an iron altar of Okawaru.
   525 | D        | Found a basalt altar of Yredelemnul.
   525 | D        | Found a glowing golden altar of the Shining One.
   525 | D        | Found a snail-covered altar of Cheibriados.
   525 | D        | Found a sacrificial altar of Ru.
   525 | D        | Found a glowing silver altar of Zin.
   525 | D        | Found a shadowy altar of Dithmenos.
   525 | D        | Found a white marble altar of Elyvilon.
   525 | D        | Noticed a yak
   530 | D        | Killed a yak
   531 | D        | Reached skill level 9 in Shields
   531 | D        | Reached XP level 7. HP: 40/63 MP: 7/7
   531 | D        | Found an opulent altar of Gozag.
   532 | D        | Found a sparkling altar of Nemelex Xobeh.
   538 | D        | Became a worshipper of Warmaster Okawaru
   651 | D        | Found a burning altar of Makhleb.
   651 | D        | Found a viscous altar of Jiyva.
   651 | D        | Found a shimmering altar of Xom.
   651 | D        | Found a corrupted altar of Lugonu.
   651 | D        | Noticed a slime creature
   671 | D        | Killed a slime creature
   672 | D        | Reached skill level 10 in Armour
   918 | D        | Found Gauwkemn's Armour Emporium.
   967 | D        | Noticed a kobold demonologist
   967 | D        | Noticed a kobold demonologist
   971 | D        | Noticed a smoke demon
   974 | D        | Reached skill level 10 in Shields
   974 | D        | Reached XP level 8. HP: 71/71 MP: 8/8
   974 | D        | Noticed a rust devil
   984 | D        | Noticed a hellwing
   988 | D        | Killed a kobold demonologist
   988 | D        | Reached * piety under Okawaru
  1004 | D        | Noticed a sun demon
  1005 | D        | Killed a kobold demonologist
  1006 | D        | Reached skill level 11 in Shields
  1367 | D        | Noticed a deep troll
  1390 | D        | Killed a deep troll
  1390 | D        | Reached ** piety under Okawaru
  1390 | D        | Reached *** piety under Okawaru
  1391 | D        | Reached skill level 10 in Fighting
  1391 | D        | Reached skill level 10 in Long Blades
  1391 | D        | Reached skill level 1 in Evocations
  1391 | D        | Reached XP level 9. HP: 14/78 MP: 7/9
  1668 | D        | Noticed Sonja
  1683 | D        | Killed Sonja
  1684 | D        | Reached skill level 5 in Stealth
  1684 | D        | Reached skill level 12 in Shields
  1939 | D        | Found Cephov's Weapon Boutique.
  2035 | D        | Noticed a lindwurm
  2045 | D        | Killed a lindwurm
  2046 | D        | Reached skill level 1 in Invocations
  2117 | D        | Reached **** piety under Okawaru
  2118 | D        | Reached skill level 13 in Shields
  2133 | D        | Reached XP level 10. HP: 52/86 MP: 10/10
  2166 | D        | Reached skill level 1 in Throwing
  2179 | D        | Reached ***** piety under Okawaru
  2187 | D        | Reached skill level 5 in Evocations
  2202 | D        | HP: 4/86 [hog (2)]
  2566 | D        | Noticed a centaur warrior
  2568 | D        | Noticed a centaur warrior
  2577 | D        | Killed a centaur warrior
  2577 | D        | Received a gift from Okawaru
  2578 | D        | Reached skill level 5 in Dodging
  2578 | D        | Reached skill level 14 in Shields
  2592 | D        | Killed a centaur warrior
  2593 | D        | Reached XP level 11. HP: 51/93 MP: 11/14
  2597 | D        | Got a polished cloak {god gift}
  2603 | D        | Identified the +3 cloak "Vadeninn" {Regen+ rCorr Str-3
                  | Int+5} (Okawaru gifted it to you in the Dungeon)
  2796 | D        | Noticed an oklob plant
  2826 | D        | Killed an oklob plant
  2827 | D        | Reached skill level 5 in Invocations
  3019 | D        | Noticed an unseen horror
  3022 | D        | Noticed an unseen horror
  3034 | D        | Killed an unseen horror
  3056 | D        | Killed an unseen horror
  3200 | D        | Reached skill level 15 in Shields
  3247 | D        | Found Xozxashra's Gadget Shoppe.
  3247 | D        | Found Kaujuhab's Assorted Antiques.
  3247 | D        | Found Wohaugip's Antique Armour Boutique.
  3249 | D        | Found Qaru's Assorted Antiques.
  3249 | D        | Found Zuxiwnoh's Antique Armour Shop.
  3249 | D        | Found Ogajaen's Assorted Antiques.
  3249 | D        | Found Tighyrr's Magic Scroll Boutique.
  3249 | D        | Found Teblitz's Magic Scroll Emporium.
  3249 | D        | Found Dattoeha's General Store.
  3249 | D        | Found Oprenneh's General Store.
  3251 | D        | Found Vaemel's Armour Boutique.
  3252 | D        | Found Zid Mybie's General Store.
  3252 | D        | Found Wot Juxt's Book Boutique.
  3253 | D        | Found Zestrouh's Antique Armour Emporium.
  3379 | D        | Bought a +5 long sword of holy wrath for 466 gold pieces
  3465 | D        | Noticed a daeva
  3503 | D        | Noticed an unseen horror
  3509 | D        | Noticed an unseen horror
  3514 | D        | Killed an unseen horror
  3524 | D        | Noticed an unseen horror
  3529 | D        | Noticed an unseen horror
  3532 | D        | Killed an unseen horror
  3533 | D        | Killed an unseen horror
  3533 | D        | Reached ****** piety under Okawaru
  3533 | D        | Received a gift from Okawaru
  3541 | D        | Killed an unseen horror
  3704 | D        | Noticed a lorocyproca
  3787 | D        | Killed a lorocyproca
  3787 | D        | Received a gift from Okawaru
  3788 | D        | Reached XP level 12. HP: 66/103 MP: 0/19
  4069 | D        | Reached skill level 16 in Shields
  4073 | D        | Received a gift from Okawaru
  4112 | D        | Noticed a 12-headed hydra
  4258 | D        | Reached skill level 10 in Invocations
  4283 | D        | HP: 4/105 [19-headed hydra (4)]
  4283 | D        | Slain by a 19-headed hydra

Illustrated notes

Levels and vault maps discovered:
D:        dungeon_sprint_1 [red_sonja_temple_1, red_sonja_temple_small_1]

Skill      XL: |  1  2  3  4  5  6  7  8  9 10 11 12 |
---------------+-------------------------------------+-----
Fighting       | 4 6 7 8 9 10 11 12 13 | 13.1
Armour         | 4 6 8 9 10 11 12 13 | 13.0
Shields        | 5 6 8 9 10 11 13 14 15 16 | 16.2
Long Blades    | 3 4 5 7 10 11 12 14 | 14.6
Dodging        | 1 2 3 4 5 6 7 |  7.0
Stealth        | 1 2 4 6 7 |  7.7
Evocations     | 1 3 5 |  5.3
Invocations    | 1 4 9 10 | 10.0
Throwing       | 2 3 |  3.4

Action                   |  1- 3 |  4- 6 |  7- 9 | 10-12 || total
-------------------------+-------+-------+-------+-------++-------
Melee: Long sword        |    15 |    16 |   102 |   325 ||   458
Throw: Dart              |       |       |     1 |    11 ||    12
Invok: Heroism           |       |       |     1 |     1 ||     2
       Finesse           |       |       |       |     1 ||     1
 Abil: Dig               |       |       |     5 |     4 ||     9
Evoke: Wand              |       |       |    13 |     3 ||    16
  Use: Potion            |     1 |     1 |     2 |     2 ||     6
       Scroll            |       |       |       |     4 ||     4
 Stab: Paralysed         |       |       |     3 |       ||     3
       Sleeping          |       |       |     1 |     1 ||     2
Armor: Scale mail        |     4 |     1 |    35 |    32 ||    72
       Plate armour      |       |       |       |   107 ||   107
Dodge: Dodged            |     2 |     6 |    53 |   123 ||   184
Block: Kite shield       |     7 |     7 |    76 |   193 ||   283
       Rpst.: Long sword |       |     3 |    12 |    24 ||    39

Table legend: (Time is in decaauts)
 A = Elapsed time spent in this place.
 B = Non-inter-level travel time spent in this place.
 C = Inter-level travel time spent in this place.
 D = Time resting spent in this place.
 E = Time spent auto-exploring this place.
 F = Levels seen in this place.
 G = Mean time per level.
                   A        B        C        D        E       F      G
               +--------+--------+--------+--------+--------+-----+--------+
         Total |   4201 |   4185 |     16 |   2790 |      0 |   1 | 4201.0 |
       Dungeon |   4201 |   4185 |     16 |   2790 |      0 |   1 | 4201.0 |
               +--------+--------+--------+--------+--------+-----+--------+

Top non-repeatable levels by time:
       D: 4201 daAuts
